 Dungeon Crawl Stone Soup version 0.32-a0-30-gefbe487952 (webtiles) character file.

Game seed: 11816654630057871463

9403 Dirtsage the Mimic (level 11, -15/77 HPs)
             Began as an Octopode Shapeshifter on Jan 19, 2024.
             Was a Follower of the Shining One.
             Demolished by a cyclops (19 damage)
             ... on level 11 of the Dungeon.
             The game lasted 00:19:13 (9501 turns).

Dirtsage the Mimic (Octopode Shapeshifter)          Turns: 9501, Time: 00:19:14

Health: -15/77     AC:  5    Str: 13    XL:     11   Next: 46%
Magic:  9/11       EV: 24    Int: 13    God:    the Shining One [*.....]
Gold:   575        SH: 11    Dex: 22    Spells: 10/10 levels left

rFire   + .          .
                       - Unarmed
rCold   . . .        (no shield)
rNeg    . . .        (helmet restricted)
rPois   .            m - amulet of reflection
rElec   .            s - +6 ring of dexterity
rCorr   .            e - +5 ring of evasion
SInv    .            F - ring of protection from fire
Will    .....        H - +4 ring of protection
Stlth   +            W - ring of wizardry
HPRegen 0.32/turn    (no ring)
MPRegen 0.12/turn    (no ring)
                     (no ring)

%: reflection, wizardry (x1)
@: divinely shielded, maw-form, glowing
A: devouring maw, almost no armour, amphibious, 8 rings, camouflage 1,
gelatinous body 1, (nimble swimmer 1), tentacles
a: Begin Untransformation, Renounce Religion, Divine Shield


You were on level 11 of the Dungeon.
You worshipped the Shining One.
The Shining One was aware of your devotion.
You were a creature with a mouth for a stomach.
You visited 2 branches of the dungeon, and saw 12 of its levels.
You also visited: Ossuary.

You collected 575 gold pieces.

Inventory:

Missiles
 N - 4 throwing nets (quivered)
Jewellery
 e - a +5 ring of evasion (right tentacle)
 m - an amulet of reflection (around mantle)
 s - a +6 ring of dexterity (left tentacle)
 u - a ring of fire
 F - a ring of protection from fire (on tentacle)
 H - a +4 ring of protection (on tentacle)
 J - an amulet of guardian spirit
 W - a ring of wizardry (on tentacle)
Talismans
 c - a flux talisman
 d - a flux talisman
 o - a maw talisman (active)
Wands
 D - a wand of digging (4)
 I - a wand of roots (15)
 M - a wand of light (4)
Scrolls
 b - a scroll of noise {unknown}
 g - a scroll of brand weapon
 i - a scroll of identify
 j - a scroll of amnesia
 k - 3 scrolls of revelation
 l - 2 scrolls of torment
 p - 2 scrolls of enchant armour
 t - 3 scrolls of teleportation
 w - 3 scrolls of enchant weapon
 y - 2 scrolls of butterflies
 A - a scroll of vulnerability
 B - 2 scrolls of blinking
 C - 3 scrolls of immolation
Potions
 a - 3 potions of lignification
 f - 4 potions of heal wounds {unknown}
 h - a potion of ambrosia
 n - a potion of resistance
 q - 4 potions of curing
 r - a potion of brilliance {unknown}
 v - 2 potions of might {unknown}
 x - 3 potions of magic {unknown}
 z - a potion of berserk rage {unknown}
 E - a potion of mutation {unknown}
 G - a potion of attraction {unknown}
 K - a potion of cancellation {unknown}
 L - a potion of haste {unknown}


   Skills:
 + Level 8.0 Fighting
 + Level 8.1 Dodging
 + Level 8.4 Unarmed Combat
 + Level 1.2 Invocations
 * Level 10.7 Shapeshifting


You had 10 spell levels left.
You didn't know any spells.
Your spell library contained the following spells:

 Spells                   Type           Power      Damage    Failure   Level
 Summon Small Mammal      Summ           0%         N/A       12%         1
 Call Canine Familiar     Summ           0%         N/A       34%         3
 Gell's Gravitas          Tloc           0%         N/A       34%         3
 Inner Flame              Hex/Fire       0%         N/A       34%         3
 Teleport Other           Tloc           0%         N/A       34%         3
 Flame Wave               Conj/Fire      0%         2d4       73%         4
 Sticky Flame             Fire/Alch      0%         2d4       73%         4
 Summon Blazeheart Golem  Fire/Summ      0%         N/A       73%         4
 Dispersal                Tloc           0%         N/A       100%        6
 Malign Gateway           Summ/Tloc      0%         N/A       100%        7
 Summon Horrible Things   Summ           0%         N/A       100%        8


Dungeon Overview and Level Annotations

Branches:
Dungeon (11/15)            Temple (1/1) D:6             Orc (0/2) D:10
Ossuary (visited)
   Lair: D:8-11

Altars:
Ashenzari
Cheibriados
Dithmenos
Elyvilon
Fedhas
Gozag
Hepliaklqana
Kikubaaqudgha
Makhleb
Nemelex Xobeh
Okawaru
Qazlal
Ru
Sif Muna
Trog
Uskayaw
Vehumet
Wu Jian
Xom
Yredelemnul
Zin
The Shining One

Shops:
D:5 *

Annotations:
D:9 3 runed translucent doors, MrCrawl's ghost, novice DrFE


Innate Abilities, Weirdness & Mutations

You are a creature with a mouth for a stomach.
Your midsection houses a second, enormous mouth.
You cannot wear most types of armour.
You are amphibious.
You can wear up to eight rings at the same time.
Your skin changes colour to match your surroundings (Stealth+).
Your rubbery body absorbs attacks. (AC +1, EV +1)
((You are camouflaged when in or above water. (Stealth+)))
You have tentacles for arms and can constrict up to eight enemies at once.


Message History

You squeeze the cyclops!
The cyclops is heavily wounded.
The centaur unwields a +0 falchion of holy wrath.
It stops glowing.
The centaur wields a +0 shortbow.
The centaur shoots an arrow.
The arrow closely misses you. You block the centaur's attack.
The centaur misses you. The cyclops hits you!!
The centaur completely misses you. The centaur misses you.
You take 19 damage, and have 34/77 hp.
MASSIVE DAMAGE!!
You bludgeon the cyclops! You squeeze the cyclops.
You bite the cyclops, but do no damage.
The cyclops is severely wounded.
The centaur completely misses you. You block the centaur's attack.
The centaur closely misses you. The centaur completely misses you.
The centaur unwields a +0 shortbow.
The centaur hits you but does no damage.
The centaur kicks you but does no damage.
The centaur hits you. The centaur completely misses you.
You take 1 damage, and have 33/77 hp.
You tentacle-slap the cyclops.
The cyclops is almost dead.
The centaur barely misses you. The centaur completely misses you.
You block the centaur's attack. The centaur completely misses you.
The centaur hits you but does no damage.
The centaur misses you. The cyclops hits you!!
* * * LOW HITPOINT WARNING * * *
The centaur completely misses you. x3
The centaur kicks you but does no damage.
The centaur hits you but does no damage.
The centaur completely misses you.
You take 29 damage, and have 4/77 hp.
MASSIVE DAMAGE!!
You tentacle-slap the cyclops. You squeeze the cyclops.
You bite the cyclops, but do no damage.
The cyclops is almost dead.
The centaur completely misses you. The centaur misses you.
The centaur closely misses you. The centaur completely misses you.
The centaur misses you.
The centaur kicks you but does no damage.
You block the centaur's attack. The centaur closely misses you.
The cyclops hits you!!
You die...

#........ #<)...... ...
..#.. .........#... ...
..... K.K..c...# #. #.##
..... ..K.......##..
...##... ... ^.
.3.........##.###.##...
..##.#
........#..##.....##.#
#..#..
........##.#...cc.#..##
....##.
..c.....##....ccW....?##
......
......Cc..#.<.###..#.##.
......#####.....#.......
...... ###...))......
.....c######.....#....##
...........#...#.# .....
.... #........##.. ....
.... ######.### ......#
#.## ##..# #..####


You could see a cyclops and 5 centaurs.

Vanquished Creatures
  Harold (D:10)
  A rakshasa (D:10)
  2 komodo dragons
  A kobold demonologist (D:10)
  Psyche (D:10)
  3 trolls
  Grinder (D:6)
  Sigmund (D:6)
  4 yaks (D:9)
  A steam dragon (D:9)
  2 water moccasins
  An acid dragon (D:10)
  2 black bears
  3 orc warriors
  A sky beast (D:7)
  2 ice beasts
  2 ogres (D:6)
  8 centaurs
  2 phantoms
  2 kobold brigands
  Blork the orc (D:4)
  4 bullfrogs
  7 scorpions
  13 wights
  11 killer bees
  2 howler monkeys
  A bombardier beetle (D:3)
  A centaur zombie (Ossuary)
  4 hounds
  A human zombie (Ossuary)
  2 orc priests (D:5)
  A gnoll bouda (D:4)
  2 iguanas
  7 scorpion zombies (Ossuary)
  19 orc wizards
  3 mummies (Ossuary)
  7 adders
  5 gnolls
  A shadow imp (D:7)
  3 white imps
  2 ufetubi (D:6)
  An adder zombie (Ossuary)
  3 ribbon worms
  3 dart slugs
  29 orcs
  5 bats
  8 endoplasms
  6 giant cockroaches
  5 gnoll zombies (Ossuary)
  7 goblins
  4 hobgoblins
  6 jackals
  3 quokkas
  4 ball pythons
  7 frilled lizards
  2 jackal zombies (Ossuary)
  19 kobolds
  3 orc zombies (Ossuary)
  8 rats
261 creatures vanquished.

Vanquished Creatures (others)
  A killer bee (D:9)
1 creature vanquished.

Grand Total: 262 creatures vanquished

Notes
Turn   | Place    | Note
-------+----------+-------------------------------------------
     0 | D:1      | Dirtsage the Octopode Shapeshifter began the quest for the
                  | Orb.
     0 | D:1      | Reached XP level 1. HP: 13/13 MP: 1/1
    83 | D:1      | Reached XP level 2. HP: 18/18 MP: 2/2
   253 | D:1      | Reached XP level 3. HP: 23/23 MP: 3/3
   894 | D:2      | Reached XP level 4. HP: 22/29 MP: 4/4
  1133 | D:3      | Found a stormy altar of Qazlal.
  1413 | D:3      | Reached skill level 4 in Shapeshifting
  1413 | D:3      | Reached XP level 5. HP: 18/34 MP: 5/5
  2079 | D:4      | Reached XP level 6. HP: 36/41 MP: 6/6
  2138 | D:4      | Noticed Blork the orc
  2149 | D:4      | Killed Blork the orc
  2327 | D:4      | Reached skill level 5 in Shapeshifting
  2499 | D:4      | Reached XP level 7. HP: 46/46 MP: 7/7
  2901 | D:5      | Entered Level 5 of the Dungeon
  3123 | D:5      | Identified the +9 broad axe of Fiqie {flame, *Rage rC+ rN+}
  3145 | D:5      | Found Bossopo's Gadget Gallery.
  3818 | D:6      | Reached XP level 8. HP: 20/54 MP: 8/8
  3929 | D:6      | Found a snail-covered altar of Cheibriados.
  3954 | D:6      | Reached skill level 5 in Unarmed Combat
  3954 | D:6      | Reached skill level 6 in Shapeshifting
  3984 | D:6      | Found a burning altar of Makhleb.
  4047 | D:6      | Found a sand-covered staircase.
  4057 | Ossuary  | Entered an ossuary
  4324 | Ossuary  | Reached skill level 5 in Dodging
  4434 | Ossuary  | Reached skill level 7 in Shapeshifting
  4461 | Ossuary  | Reached skill level 5 in Fighting
  4461 | Ossuary  | Reached XP level 9. HP: 60/61 MP: 9/9
  4752 | D:6      | Found a staircase to the Ecumenical Temple.
  4755 | D:6      | Noticed Grinder
  4757 | D:6      | Paralysed by Grinder for 2 turns
  4761 | Temple   | Entered the Ecumenical Temple
  4777 | D:6      | Killed Grinder
  4841 | D:6      | Noticed Sigmund
  4848 | D:6      | Killed Sigmund
  4849 | D:6      | Reached skill level 8 in Shapeshifting
  6266 | D:8      | Reached XP level 10. HP: 67/68 MP: 10/10
  6311 | D:8      | Found a white marble altar of Elyvilon.
  6355 | D:8      | Found a faded altar of an unknown god.
  6356 | D:8      | Found a faded altar of an unknown god.
  6356 | D:8      | Found a hazy altar of Hepliaklqana.
  6444 | D:8      | Became a worshipper of Elyvilon the Healer
  6642 | D:8      | Reached skill level 9 in Shapeshifting
  7380 | D:9      | Found a runed translucent gate.
  7380 | D:9      | Found a runed translucent gate.
  7380 | D:9      | Found a runed translucent gate.
  7682 | D:9      | Reached * piety under Elyvilon
  7848 | D:9      | Noticed MrCrawl's ghost (novice DrFE)
  7850 | D:9      | Noticed an 11-headed hydra
  7895 | D:9      | Found a glowing golden altar of the Shining One.
  7903 | D:9      | Fell from the grace of Elyvilon
  7903 | D:9      | Became a worshipper of the Shining One
  7948 | D:10     | Entered Level 10 of the Dungeon
  7966 | D:10     | Noticed Psyche
  7977 | D:10     | Killed Psyche
  8007 | D:10     | Found a bloodstained altar of Trog.
  8169 | D:10     | Reached skill level 10 in Shapeshifting
  8169 | D:10     | Reached XP level 11. HP: 75/75 MP: 11/11
  8201 | D:10     | Noticed Harold
  8221 | D:10     | Killed Harold
  8463 | D:10     | Found a glowing silver altar of Zin.
  8474 | D:10     | Noticed a rakshasa
  8489 | D:10     | Killed a rakshasa
  8950 | D:10     | Found a staircase to the Orcish Mines.
  9185 | D:10     | Found a sacrificial altar of Ru.
  9185 | D:10     | Found a hide-covered altar of Uskayaw.
  9193 | D:10     | Found a shimmering altar of Xom.
  9195 | D:10     | Found an opulent altar of Gozag.
  9197 | D:10     | Found a radiant altar of Vehumet.
  9303 | D:11     | Reached * piety under the Shining One
  9460 | D:11     | Reached skill level 1 in Invocations
  9483 | D:11     | Noticed a cyclops
  9501 | D:11     | Demolished by a cyclops

Illustrated notes

Levels and vault maps discovered:
D:1:      amcnicky_arrival_gap_in_the_tavern_cellar, layout_rooms
D:2:      layout_basic, chequers_serial_rivers_room_a
D:3:      layout_loops_ring, nicolae_qazlal_general_emergency,
          nicolae_kite_square_tiling_tiny, chequers_garden,
          chequers_hall_statues_corner_a, wad_floor_pattern_untrapped
D:4:      nicolae_cairo_tiling, layout_loops_ring, st_stairs_1,
          corexii_corridor_pit, serial_bayou_lake_a, uniq_blork_the_orc
D:5:      layout_loops_ring, nicolae_shop_gadgets
D:6:      layout_basic, kennysheep_little_box, bloody_makhleb,
          minmay_temple_entry_statues_pillars, gup_sewer_entry_bubbles,
          enter_ossuary_1, uniq_sigmund, uniq_grinder
D:7:      layout_loops_ring
D:8:      minmay_flawed_box, layout_basic, mainiacjoe_overflow_chevrons,
          nicolae_hepliaklqana_ecumenical_no_more
D:9:      layout_big_octagon, tso_altar, gammafunk_ghost_hydra_chop
D:10:     layout_grid_maze, lemuel_crystal_altar,
          chequers_temple_overflow_minitemple, lemuel_crystal_altar,
          orc_0_dummy, uniq_harold, uniq_psyche
D:11:     layout_cave_pools, lair_entry_dummy, lemuel_flame_loot_1
Temple:   nicolae_temple_bog_church

Skill      XL: |  1  2  3  4  5  6  7  8  9 10 11 |
---------------+----------------------------------+-----
Fighting       | 2 3 5 6 7 8 |  8.0
Shapeshifting  | 4 5 7 8 10 | 10.7
Dodging        | 3 4 5 6 7 8 |  8.1
Unarmed Combat | 4 5 6 7 8 |  8.4
Invocations    | 1 |  1.2

Action                     |  1- 3 |  4- 6 |  7- 9 | 10-12 || total
---------------------------+-------+-------+-------+-------++-------
  Melee: Unarmed           |    65 |    89 |   356 |   280 ||   790
         Constrict         |    20 |    22 |    91 |    52 ||   185
         Tentacles         |    16 |    18 |    97 |    75 ||   206
         Punch             |     2 |     1 |     5 |    11 ||    19
         Maw               |       |       |       |    57 ||    57
 Invoke: Divine Shield     |       |       |       |     1 ||     1
    Use: Scroll            |       |       |    16 |       ||    16
         Potion            |       |       |     2 |       ||     2
   Stab: Sleeping          |     4 |     6 |     3 |       ||    13
 Armour: Skin              |    22 |    33 |    75 |   111 ||   241
  Dodge: Dodged            |    28 |    55 |   212 |   332 ||   627
  Block: Other             |       |     7 |    53 |    63 ||   123
         Reflection        |       |       |       |     5 ||     5
   Form: Flux              |       |       |     1 |     1 ||     2
         Maw               |       |       |       |     2 ||     2

Table legend: (Time is in decaauts)
 A = Elapsed time spent in this place.
 B = Non-inter-level travel time spent in this place.
 C = Inter-level travel time spent in this place.
 D = Time resting spent in this place.
 E = Time spent auto-exploring this place.
 F = Levels seen in this place.
 G = Mean time per level.
                   A        B        C        D        E       F      G
               +--------+--------+--------+--------+--------+-----+--------+
         Total |   9405 |   9115 |    290 |    106 |   7072 |  13 |  723.5 |
       Dungeon |   8888 |   8598 |    290 |    106 |   6751 |  11 |  808.0 |
        Temple |      1 |      1 |      0 |      0 |      0 |   1 |    1.0 |
       Ossuary |    514 |    514 |      0 |      0 |    321 |   1 |  514.0 |
               +--------+--------+--------+--------+--------+-----+--------+

Top non-repeatable levels by time:
    D:10: 1472 daAuts
     D:6: 1161 daAuts
     D:4: 1031 daAuts
     D:8: 947 daAuts
     D:5: 830 daAuts
     D:7: 794 daAuts
     D:3: 788 daAuts
     D:9: 733 daAuts
     D:2: 637 daAuts
 Ossuary: 514 daAuts
     D:1: 430 daAuts
    D:11: 62 daAuts
  Temple: 1 daAuts
